 Dungeon Crawl Stone Soup version 0.16-a0-4112-g89a4107 (webtiles) character file.

25 Ololoev the Skirmisher (level 2, -2/24 HPs)
             Began as a Mummy Chaos Knight on Feb 27, 2015.
             Slain by a worker ant (6 damage)
             ... on level 2 of the Dungeon.
             The game lasted 00:02:27 (1078 turns).

Ololoev the Skirmisher (Mummy Chaos Knight)         Turns: 1078, Time: 00:02:27

Health: -2/24      AC:  5    Str: 15    XL:     2   Next: 82%
Magic:  2/2        EV: 11    Int: 11    God:    Xom [..*...]
Gold:   98         SH:  0    Dex: 11    Spells: 0 memorised, 1 level left

rFire  x . .     SeeInvis .     a - +0 hand axe (chaos)
rCold  + . .     Clarity  +     b - +2 leather armour
rNeg   + + +     SustAb   .     (no shield)
rPois  ∞         Gourm    .     (no helmet)
rElec  .         Spirit   .     (no cloak)
rCorr  .         Warding  .     (no gloves)
rMut   .         Stasis   .     (no boots)
MR     .....                    d - amulet of clarity
Stlth  +.........               (no ring)
                                (no ring)

@: not resistant to hostile enchantments, very unstealthy
A: no food or potions, fire vulnerability, restore body, cold resistance 1,
negative energy resistance 3, poison resistance, torment resistance, unbreathing
a: Renounce Religion


You were on level 2 of the Dungeon.
You worshipped Xom.
You were a toy of Xom.
You were not hungry.

You visited 1 branch of the dungeon, and saw 2 of its levels.

You collected 98 gold pieces.

Notes
Turn   | Place    | Note
--------------------------------------------------------------
     0 | D:1      | Ololoev, the Mummy Chaos Knight, began the quest for the Orb.
     0 | D:1      | Reached XP level 1. HP: 18/18 MP: 1/1
   171 | D:1      | Found a viscous altar of Jiyva.
   171 | D:1      | Noticed a jelly
   171 | D:1      | Noticed a jelly
   171 | D:1      | Noticed a jelly
   171 | D:1      | Noticed a jelly
   177 | D:1      | Noticed a jelly
   288 | D:1      | Reached XP level 2. HP: 24/24 MP: 2/2
   427 | D:1      | XOM: harmless Pois miscast
   440 | D:1      | XOM: colour smoke trail
   924 | D:1      | XOM: mild Fire miscast
   925 | D:1      | Noticed a fire vortex
   925 | D:1      | Noticed a fire vortex
  1037 | D:2      | Found a glowing silver altar of Zin.
  1042 | D:2      | XOM: divination: magic mapping
  1078 | D:2      | Slain by a worker ant

Inventory:

Hand weapons
 a - a +0 hand axe of chaos (weapon)
Armour
 b - a +2 leather armour (worn)
Jewellery
 d - an amulet of clarity (around neck)
Scrolls
 c - 2 scrolls of enchant armour {unknown}

Table legend:
 A = Turns spent in this place as a percentage of turns spent in the entire game.
 B = Non-inter-level travel turns spent in this place as a percentage of non-inter-level travel turns spent in the entire game.
 C = Inter-level travel turns spent in this place as a percentage of turns spent in this place.
 D = Turns resting spent in this place as a percentage of non-inter-level travel turns spent in this place.
 E = Turns spent auto-exploring this place as a percentage of non-inter-level travel turns spent in this place.
 F = Non-inter-level travel turns spent in this place divided by the number of levels of this place that you've seen.
                   A       B       C       D       E      F
               +-------+-------+-------+-------+-------+----------------------
         Total | 100.0 | 100.0 |   0.7 |   2.1 |  15.1 | 146.0
       Dungeon | 100.0 | 100.0 |   0.7 |   2.1 |  15.1 | 146.0
               +-------+-------+-------+-------+-------+----------------------


   Skills:
 - Level 3.0 Fighting
 * Level 2.9 Axes
 + Level 2.2 Armour
 - Level 0.7 Dodging


You had one spell level left.
You didn't know any spells.

Dungeon Overview and Level Annotations

Branches:
Dungeon (2/15)

Altars:
Zin
Jiyva


Innate Abilities, Weirdness & Mutations

You do not eat or drink.
Your flesh is vulnerable to fire.
Your flesh is cold resistant.
You are immune to negative energy.
Your system is resistant to poisons.
You are immune to unholy pain and torment.
You can survive without breathing.


Message History

You kill the bat!
No target in view!
No target in view!
An adder comes into view.
The adder closely misses you.
You barely miss the adder. The adder closely misses you.
The adder barely misses you.
You barely miss the adder. The adder bites you.
You barely miss the adder. The adder barely misses you. The adder bites you.
You hit the adder but do no damage. The adder bites you but does no damage.
You hit the adder.
The adder is moderately wounded.
The adder barely misses you. The adder bites you.
You miss the adder.
The adder is moderately wounded.
The adder bites you but does no damage.
You hit the adder.
You heal the adder.
The adder is completely healed.
Xom is highly amused!
The adder closely misses you. The adder misses you.
You barely miss the adder. The adder bites you.
You barely miss the adder. The adder barely misses you.
The adder bites you but does no damage.
You closely miss the adder. The adder closely misses you.
You barely miss the adder. The adder bites you but does no damage.
The adder closely misses you.
You hit the adder.
The adder is moderately wounded.
The adder closely misses you.
You hit the adder.
The adder evaporates and reforms as a worker ant!
The worker ant is lightly wounded.
The worker ant barely misses you.
You completely miss the worker ant.
The worker ant is lightly wounded.
The worker ant bites you.
You barely miss the worker ant.
The worker ant is lightly wounded.
The worker ant bites you. x2
You die...
Xom is highly amused!

* #.....#
#... #<....#
#... #.....#
* #...
#.....#
**,...#
#.....# *
.##.# #.....#
*,**#.# ..#*
* ##..### *,
*#..
......###...#
* *,,
.......a@.#.#
*, * ,
...#....###.#
*, ** #.....
#.# , * ,
...##.., #.#
* ** ## ##.
.# , , #.
.#** ** , ##
. ,*


You could see a worker ant.

Table legend:
 A = Kills in this place as a percentage of kills in entire the game.
 B = Kills by you in this place as a percentage of kills by you in the entire game.
 C = Kills by friends in this place as a percentage of kills by friends in the entire game.
 D = Other kills in this place as a percentage of other kills in the entire game.
 E = Experience gained in this place as a percentage of experience gained in the entire game.
 F = Experience gained in this place divided by the number of levels of this place that you have seen.
                   A       B       C       D       E      F
               +-------+-------+-------+-------+-------+----------------------
         Total | 100.0 | 100.0 |  -nan |  -nan | 100.0 |  18.0
       Dungeon | 100.0 | 100.0 |  -nan |  -nan | 100.0 |  18.0
               +-------+-------+-------+-------+-------+----------------------

Vanquished Creatures
  A giant cockroach (D:1)
  6 hobgoblins
  5 bats
  4 giant newts (D:1)
  A goblin (D:1)
  6 kobolds (D:1)
  3 rats (D:1)
26 creatures vanquished.

Action                   || total
-------------------------++-------
Melee: Hand axe          ||    93

Vault maps used:
D:1:      erik_arrival_cave_to_civilisation
D:2:      overflow_temple_1_default, nemelex_lonely_heart_becter
